 Dungeon Crawl Stone Soup version 0.25.1-2-g60ff931df9 (webtiles) character file.

Game seed: 9663271374560570186

90 pokeman the Magician (level 4, -3/25 HPs)
             Began as a Deep Elf Wizard on Oct 17, 2020.
             Killed from afar by Sigmund (11 damage)
             ... with a puff of flame
             ... on level 2 of the Dungeon.
             The game lasted 00:04:52 (1889 turns).

pokeman the Magician (Deep Elf Wizard)              Turns: 1889, Time: 00:04:53

Health: -3/25      AC:  2    Str:  4    XL:     4   Next: 32%
Magic:  7/13       EV: 13    Int: 24    God:
Gold:   109        SH:  0    Dex: 13    Spells: 3/14 levels left

rFire    . . .     SeeInvis .   (no weapon)
rCold    . . .     Gourm    .   (no shield)
rNeg     . . .     Faith    .   a - +0 robe
rPois    .         Spirit   .   b - +0 hat
rElec    .         Reflect  .   (no cloak)
rCorr    .         Harm     .   (no gloves)
MR       .....                  (no boots)
Stlth    ++........             (no amulet)
HPRegen  0.08/turn              (no ring)
MPRegen  0.13/turn              (no ring)

@: no status effects
A: no striking features
a: no special abilities


You were on level 2 of the Dungeon.
You were not hungry.

You visited 1 branch of the dungeon, and saw 2 of its levels.

You collected 109 gold pieces.

Inventory:

Armour
 a - a +0 robe (worn)
 b - a +0 hat (worn)
Scrolls
 e - a scroll of fear {unknown}
 f - a scroll of identify {unknown}
 h - a scroll of fog {unknown}
Potions
 g - a potion of degeneration {unknown}
 i - a potion of resistance {unknown}
Comestibles
 c - 2 chunks of flesh
 d - 3 rations


   Skills:
 - Level 1.0 Fighting
 - Level 1.1 Armour
 - Level 2.4 Dodging
 - Level 2.4 Stealth
 * Level 5.5 Spellcasting
 * Level 2.3 Conjurations
 - Level 1.1 Summonings
 - Level 1.1 Translocations
 + Level 0.1 Fire Magic
 + Level 0.4 Air Magic


You had 3 spell levels left.
You knew the following spells:

 Your Spells              Type           Power        Failure   Level  Hunger
a - Magic Dart            Conj           ###.         3%          1    None
b - Mephitic Cloud        Conj/Pois/Air  ##......     17%         3    #......
c - Call Imp              Summ           ##......     9%          2    None
d - Blink                 Tloc           N/A          9%          2    None
e - Conjure Flame         Conj/Fire      ##......     14%         3    #......

Your spell library contained the following spells:

 Spells                   Type           Power        Failure   Level  Hunger
 Slow                     Hex            #.......     13%         2    None


Dungeon Overview and Level Annotations

Branches:
Dungeon (2/15)

Altars:

Annotations:
D:2 Sigmund


Message History

Casting: Magic Dart (safe; 3% risk of failure)
Confirm with . or Enter, or press ? or * to list all spells.
The spell is quite dangerous to cast (14% risk of failure)!
Continue anyway?
The fire begins to smolder!
Sigmund gestures at you while chanting. The puff of flame hits you!
The fire ignites!
Casting: Conjure Flame (quite dangerous; 14% risk of failure)
Confirm with . or Enter, or press ? or * to list all spells.
The spell is extremely dangerous to cast (17% risk of failure)!
Continue anyway?
Aiming: Mephitic Cloud (extremely dangerous; 17% risk of failure)
Press: ? - help, Shift-Dir - straight line, f - Sigmund
Aim: Sigmund, wielding a +0 scythe and wearing a +0 robe The ball explodes into a vile cloud!
The stinking cloud engulfs Sigmund but does no damage.
You hear an angry hiss.
Sigmund is engulfed in noxious fumes.
You barely miss Sigmund.
Sigmund is engulfed in blazing flames.
Sigmund points at you and mumbles some strange words.
The puff of flame hits you!
You die...

#........# #### #
#........# #.#........# ##
.#........#########
...............รท.....#
..#.#.####.#########.#####
..........................
(......##....>..........##
.......h@@..<...[.......##
..[....##...............##
...............###......##
.............### #<.....##
.............# #......##
..####.......# #......## .
........# #......##
.........# #####+### #..##


You could see Sigmund and a black bear.

Vanquished Creatures
  Jessica (D:2)
  An adder (D:2)
  A worm (D:2)
  3 dart slugs (D:1)
  A leopard gecko (D:2)
  2 ball pythons
  4 giant cockroaches
  6 hobgoblins (D:1)
  4 jackals (D:2)
  2 quokkas (D:2)
  4 bats
  3 goblins (D:1)
  6 kobolds
  3 rats
41 creatures vanquished.

Notes
Turn   | Place    | Note
-------+----------+-------------------------------------------
     0 | D:1      | pokeman the Deep Elf Wizard began the quest for the Orb.
     0 | D:1      | Reached XP level 1. HP: 10/10 MP: 7/7
   257 | D:1      | Reached XP level 2. HP: 16/16 MP: 1/9
   745 | D:1      | Reached skill level 5 in Spellcasting
  1000 | D:1      | Reached XP level 3. HP: 20/20 MP: 7/11
  1125 | D:1      | Learned a level 3 spell: Mephitic Cloud
  1128 | D:1      | Learned a level 2 spell: Call Imp
  1131 | D:1      | Learned a level 2 spell: Blink
  1135 | D:1      | Learned a level 3 spell: Conjure Flame
  1143 | D:2      | Noticed Jessica
  1185 | D:2      | Killed Jessica
  1185 | D:2      | Reached skill level 1 in Fighting
  1185 | D:2      | Reached skill level 1 in Armour
  1315 | D:2      | Noticed Sigmund
  1504 | D:2      | Reached XP level 4. HP: 25/25 MP: 1/13
  1880 | D:2      | Noticed a black bear
  1889 | D:2      | Killed from afar by Sigmund

Illustrated notes

Levels and vault maps discovered:
D:1:      evilmike_arrival_rings, layout_basic, st_stairs_3,
          minmay_shallow_snake_nest
D:2:      layout_basic, uniq_jessica, uniq_sigmund

Skill      XL: |  1  2  3 |
---------------+----------+-----
Spellcasting   | 5 |  5.5
Fighting       | 1 |  1.0
Armour         | 1 |  1.1
Conjurations   | 2 |  2.3
Dodging        | |  2.4
Stealth        | |  2.4
Summonings     | |  1.1
Translocations | |  1.1
Fire Magic     | |  0.1
Air Magic      | |  0.4

Action                   |  1- 3 |  4- 6 || total
-------------------------+-------+-------++-------
Melee: Unarmed           |     4 |    20 ||    24
 Cast: Magic Dart        |    81 |    23 ||   104
       Conjure Flame     |     1 |     1 ||     2
       Mephitic Cloud    |     1 |     1 ||     2
  Eat: Chunk             |     1 |     2 ||     3
Armor: Robe              |     1 |     7 ||     8
Dodge: Dodged            |    13 |    36 ||    49
